 Dungeon Crawl Stone Soup version 0.28.0-53-g5a82cb258f (webtiles) character file.

Game seed: 10559179625469207786

165 pkoi the Gusty (level 5, -2/38 HPs)
             Began as a Demigod Air Elementalist on May 26, 2022.
             Killed by divine providence
             ... invoked by an orc priest
              (10 damage)
             ... on level 4 of the Dungeon.
             The game lasted 00:08:48 (4747 turns).

pkoi the Gusty (Demigod Air Elementalist)           Turns: 4747, Time: 00:08:48

Health: -2/38      AC:  3    Str:  9    XL:     5   Next: 1%
Magic:  1/11       EV: 12    Int: 21    God:
Gold:   116        SH:  0    Dex: 14    Spells: 2/8 levels left

rFire   . . .      SeeInvis .   c - +1 dagger
rCold   . . .      Faith    .   (no shield)
rNeg    . . .      Spirit   .   a - +0 robe
rPois   .          Reflect  .   (no helmet)
rElec   .          Harm     .   (no cloak)
rCorr   +          Rampage  .   (no gloves)
Will    +....                   b - +0 pair of boots
Stlth   ++........              d - amulet of regeneration
HPRegen 0.92/turn               g - ring of resist corrosion
MPRegen 0.12/turn               n - ring of willpower

@: no status effects
A: high MP 1, forlorn, divine attributes
a: no special abilities


You were on level 4 of the Dungeon.
You visited 1 branch of the dungeon, and saw 4 of its levels.

You collected 116 gold pieces.

Inventory:

Hand Weapons
 c - a +1 dagger (weapon)
Missiles
 t - a throwing net
Armour
 a - a +0 robe (worn)
 b - a +0 pair of boots (worn)
Jewellery
 d - an amulet of regeneration (around neck)
 g - a ring of resist corrosion (left hand)
 n - a ring of willpower (right hand)
 p - a +6 ring of strength
 s - a ring of willpower
 u - a ring of positive energy
Potions
 k - 2 potions of curing
 l - a potion of flight
 m - 3 potions of heal wounds
 o - 2 potions of ambrosia


   Skills:
 - Level 1.7 Dodging
 - Level 1.7 Stealth
 + Level 2.4 Spellcasting
 + Level 1.5 Conjurations
 + Level 4.9 Air Magic


You had 2 spell levels left.
You knew the following spells:

 Your Spells              Type           Power      Damage    Failure   Level
a - Shock                 Conj/Air       64%        1d7       3%          1
b - Static Discharge      Conj/Air       16%        N/A       6%          2
q - Swiftness             Air            23%        N/A       5%          3

Your spell library contained the following spells:

 Spells                   Type           Power      Damage    Failure   Level
 Airstrike                Air            11%        N/A       19%         4
 Ozocubu's Armour         Ice            2%         N/A       38%         3
 Lightning Bolt           Conj/Air       8%         1d20      71%         5
 Leda's Liquefaction      Hex/Erth       1%         N/A       80%         4
 Lee's Rapid Deconstruct  Erth           1%         3d5*      98%         5
 Statue Form              Tmut/Erth      1%         N/A       100%        6
 Ozocubu's Refrigeration  Ice            1%         4d5       100%        7
 Maxwell's Capacitive Co  Air            11%        ∞         100%        8


Dungeon Overview and Level Annotations

Branches:
Dungeon (4/15)
 Temple: D:4-7

Shops:
D:2 ([(!


Innate Abilities, Weirdness & Mutations

You have an increased reservoir of magic. (+10% MP)
You shall have no god before yourself.
Your divine heritage dramatically boosts your attributes as you level up.


Message History

* * * LOW HITPOINT WARNING * * *
You closely miss the orc. You punch the orc, but do no damage.
The adder skeleton closely misses you.
The orc priest looks braver for a moment.
The orc completely misses you. The orc hits you but does no damage.
You aren't carrying any scrolls.
The orc hits you with a +0 club.
* * * LOW HITPOINT WARNING * * *
You see here a scroll labelled VEETSEHEOLE.
e - a scroll labelled VEETSEHEOLE An orc priest comes into view.
It is wielding a +0 club.
As you read the scroll labelled VEETSEHEOLE, it crumbles to dust.
It is a scroll of amnesia.
Really abort (and waste the scroll)?
Okay, then.
The orc priest misses you. The orc barely misses you.
Casting: Static Discharge (safe; 6% risk of failure)
Confirm with . or Enter, or press ? or * to list all spells.
The orc is struck by an arc of lightning.
The orc is heavily wounded.
You are struck by an arc of lightning.
* * * LOW HITPOINT WARNING * * *
The lightning grounds out.
The orc priest is struck by an arc of lightning!
The orc priest is almost dead.
The lightning grounds out.
The orc priest shouts!
The orc priest hits you with a +0 morningstar.
* * * LOW HITPOINT WARNING * * *
The orc hits you with a +0 war axe!
* * * LOW HITPOINT WARNING * * *
The orc hits you with a +0 club.
* * * LOW HITPOINT WARNING * * *
The adder skeleton completely misses you.
Unknown command.
Unknown command.
You hit the orc but do no damage. The orc completely misses you.
The orc priest calls down the wrath of Beogh upon you.
Beogh smites you!
You die...

############
#..........#
#.........(#
#.....$.)..# ###
#Zoo..o..).# ##...
#@.o.......###....
#oo...............
#..........##.....
#..........##.....
#..........###....
#############.....
#.<... #...o.
##..o..


You could see 2 orc priests, 4 orcs and an adder skeleton.

Vanquished Creatures
  2 orc wizards
  2 adders (D:3)
  3 gnolls (D:2)
  A worm (D:2)
  8 orcs
  7 endoplasms
  2 giant cockroaches (D:1)
  6 goblins
  4 hobgoblins
  5 kobolds
  2 quokkas (D:1)
  4 ball pythons
  7 bats
  6 frilled lizards
  4 rats
63 creatures vanquished.

Notes
Turn   | Place    | Note
-------+----------+-------------------------------------------
     0 | D:1      | pkoi the Demigod Air Elementalist began the quest for the
                  | Orb.
     0 | D:1      | Reached XP level 1. HP: 14/14 MP: 5/5
   414 | D:1      | Reached skill level 3 in Air Magic
   809 | D:1      | Reached XP level 2. HP: 20/20 MP: 2/7
  2065 | D:2      | Found Fusufasa's Distillery.
  2128 | D:2      | Found Cicwih's Weapon Emporium.
  2134 | D:2      | Reached skill level 4 in Air Magic
  2134 | D:2      | Reached XP level 3. HP: 26/26 MP: 3/8
  2510 | D:1      | Learned a level 2 spell: Static Discharge
  2808 | D:2      | Found Riclo's Armour Shop.
  2828 | D:2      | Found Muqonk's Weapon Shoppe.
  3462 | D:3      | Reached XP level 4. HP: 33/33 MP: 5/9
  4221 | D:2      | Learned a level 3 spell: Swiftness
  4432 | D:3      | Reached skill level 1 in Conjurations
  4533 | D:3      | Gained mutation: You are agile. (Dex +2) [potion of
                  | mutation]
  4533 | D:3      | Lost mutation: You are agile. (Dex +2) [potion of mutation]
  4734 | D:4      | Reached XP level 5. HP: 28/38 MP: 3/11
  4747 | D:4      | Killed from afar by an orc priest

Illustrated notes

Levels and vault maps discovered:
D:1:      minmay_arrival_solitary_statue, layout_basic
D:2:      layout_basic, serial_shops, shop, nicolae_lakefront_shop,
          nicolae_shop_hallway_plus, nicolae_shop_statue_plus
D:3:      layout_basic, nicolae_dithmenos_the_darkroom,
          hellmonk_ecumenical_altar_run_dry, chequers_garden
D:4:      layout_rooms, elyvilon_altar_3, temple_doors_ab, serial_shops, shop

Skill      XL: |  1  2  3  4 |
---------------+-------------+-----
Air Magic      | 3 4 |  4.9
Spellcasting   | 2 |  2.4
Conjurations   | 1 |  1.5
Dodging        | |  1.7
Stealth        | |  1.7

Action                   |  1- 3 |  4- 6 || total
-------------------------+-------+-------++-------
Melee: Dagger            |    40 |     7 ||    47
       Punch             |       |     1 ||     1
 Cast: Shock             |   105 |    41 ||   146
       Static Discharge  |       |     6 ||     6
  Use: Potion            |       |     8 ||     8
       Scroll            |       |     6 ||     6
Armor: Robe              |     6 |     5 ||    11
Dodge: Dodged            |    23 |    19 ||    42
